 Dungeon Crawl Stone Soup version 0.18-a0-1639-g7533f42 (webtiles) character file.

521 M4edhros the Sneak (level 7, 0/46 HPs)
             Began as an Octopode Fighter on Mar 27, 2016.
             Slain by an orc priest
             ... wielding a +0 whip of electrocution
              (17 damage)
             ... on level 4 of the Dungeon.
             The game lasted 00:02:58 (2834 turns).

M4edhros the Sneak (Octopode Fighter)               Turns: 2834, Time: 00:02:59

Health: 0/46       AC:  1    Str: 15    XL:     7   Next: 21%
Magic:  7/7        EV: 10    Int: 11    God:
Gold:   185        SH:  8    Dex: 13    Spells: 0 memorised, 6 levels left

rFire  . . .     SeeInvis .     s - +2 short sword (elec)
rCold  . . .     Gourm    .     b - +0 shield
rNeg   + . .     Faith    .     (helmet restricted)
rPois  .         Spirit   .     (no amulet)
rElec  .         Dismiss  .     j - ring of positive energy
rCorr  .         Reflect  .     (no ring)
SustAt .         Harm     .     (no ring)
MR     .....                    (no ring)
Stlth  +++++.....               (no ring)
                                (no ring)
                                (no ring)
                                (no ring)

@: not resistant to hostile enchantments, quite stealthy
A: almost no armour, amphibious, 8 rings, constrict 8, camouflage 1, gelatinous
body 1
a: no special abilities


You were on level 4 of the Dungeon.
You were very hungry.

You visited 1 branch of the dungeon, and saw 4 of its levels.

You collected 185 gold pieces.

Inventory:

Hand Weapons
 a - a +0 trident
 o - a +0 hunting sling
 s - a +2 short sword of electrocution (weapon)
Missiles
 f - 12 steel sling bullets
 k - 86 stones (quivered)
Armour
 b - a +0 shield (worn)
 v - a +0 large shield
Jewellery
 j - a ring of positive energy (left tentacle)
Wands
 q - a wand of lightning (5/15)
Scrolls
 h - a scroll of recharging
 l - 2 scrolls of teleportation {unknown}
 m - a scroll of enchant armour {unknown}
 r - a scroll of remove curse
Potions
 c - 3 potions of might
 e - a potion of degeneration {unknown}
 g - a potion of cancellation {unknown}
 i - 2 potions of lignification
 n - a potion of heal wounds {unknown}
 t - a potion of resistance
 u - a potion of agility {unknown}
Comestibles
 d - 3 bread rations
 p - a meat ration
 w - a royal jelly


   Skills:
 - Level 3.0 Fighting
 + Level 3.5 Short Blades
 - Level 4.0 Polearms
 - Level 3.0 Dodging
 * Level 7.2 Stealth
 * Level 3.1 Shields


You had 6 spell levels left.
You didn't know any spells.

Dungeon Overview and Level Annotations

Branches:
Dungeon (4/15)
 Temple: D:4-7

Altars:
Elyvilon
Nemelex Xobeh
Pakellas
Ru
Sif Muna
The Shining One


Innate Abilities, Weirdness & Mutations

You cannot wear most types of armour.
You are amphibious.
You can wear up to eight rings at the same time.
You can use your tentacles to constrict eight enemies at once.
Your skin changes colour to match your surroundings (Stealth).
Your rubbery body absorbs attacks (AC +1).


Message History

You constrict the orc wizard.
The orc priest casts a cantrip, but nothing happens.
The orc wizard hits you but does no damage.
You completely miss the orc wizard.
The orc wizard is severely wounded.
You constrict the orc wizard.
The orc priest hits you but does no damage.
The orc wizard hits you with a dagger.
You hit the orc wizard.
You kill the orc wizard!
The orc priest hits you with a whip of electrocution.
You hit the orc priest. Your grab misses the orc priest.
The orc priest is lightly wounded.
The orc priest calls down the wrath of Beogh upon you.
Beogh smites you! You block the jackal's attack.
You hit the orc priest. Your grab misses the orc priest.
The orc priest is heavily wounded.
The orc priest hits you with a whip of electrocution.
You are electrocuted!
You die...

........# ........#
#......# . ### #......# .
... .......# ..
#.##......# .. .#
#..#hh...)# #>#.# #.oh##
#...# ###o@# #..# ##.##
##..# ########..# .#..#
#.......#.## ....#
#.......#..# ....#
........##.# ..#.#
.........##.##
..#.###.####.#####..######
.##.....# #. #........#


You could see an orc priest, an orc and 2 jackals.

Vanquished Creatures
  An orc warrior (D:4)
  An ogre (D:4)
  A scorpion (D:4)
  A howler monkey (D:4)
  An orc priest (D:4)
  An orc wizard (D:4)
  Ijyb (D:2)
  2 worker ants (D:4)
  5 adders (D:3)
  An ooze (D:3)
  2 worms
  A dart slug (D:2)
  A giant gecko (D:3)
  11 orcs
  2 bats
  3 giant cockroaches
  5 goblins
  8 hobgoblins
  10 kobolds
  4 giant newts
  9 rats
71 creatures vanquished.

Notes
Turn   | Place    | Note
--------------------------------------------------------------
     0 | D:1      | M4edhros the Octopode Fighter began the quest for the Orb.
     0 | D:1      | Reached XP level 1. HP: 16/16 MP: 1/1
   162 | D:1      | Reached XP level 2. HP: 21/21 MP: 2/2
   568 | D:2      | Found a sacrificial altar of Ru.
   580 | D:2      | Found an oddly glowing altar of Pakellas.
   617 | D:2      | Found a sparkling altar of Nemelex Xobeh.
   769 | D:2      | Reached XP level 3. HP: 26/26 MP: 3/3
   787 | D:2      | Noticed Ijyb
   797 | D:2      | Killed Ijyb
  1111 | D:2      | Found a white marble altar of Elyvilon.
  1297 | D:2      | Reached XP level 4. HP: 31/31 MP: 4/4
  1371 | D:3      | Reached skill level 1 in Short Blades
  1454 | D:3      | Reached skill level 1 in Stealth
  1614 | D:3      | Reached skill level 2 in Stealth
  1620 | D:3      | Found a glowing golden altar of the Shining One.
  1811 | D:3      | Reached XP level 5. HP: 29/36 MP: 5/5
  1814 | D:3      | Reached skill level 3 in Stealth
  2028 | D:3      | Found a deep blue altar of Sif Muna.
  2268 | D:4      | Noticed an ogre
  2280 | D:4      | Killed an ogre
  2280 | D:4      | Reached skill level 4 in Stealth
  2280 | D:4      | Reached XP level 6. HP: 24/42 MP: 6/6
  2382 | D:4      | Reached skill level 5 in Stealth
  2464 | D:4      | Noticed an orc warrior
  2486 | D:4      | Killed an orc warrior
  2486 | D:4      | Reached skill level 6 in Stealth
  2741 | D:4      | Reached skill level 7 in Stealth
  2741 | D:4      | Reached XP level 7. HP: 46/46 MP: 7/7
  2834 | D:4      | Slain by an orc priest

Vault maps used:
D:1:      dpeg_chamrin_arrival_tetris
D:2:      lemuel_doored_altar, amethyst_overflow_temple_binary, first_bread,
          corexii_corridor_pit, nemelex_xobeh_ov_fountains_minmay, uniq_iyjb
D:3:      lemuel_blue_sif_altar, nicolae_tso_carved_into_rock

Skill      XL: |  1  2  3  4  5  6 |
---------------+-------------------+-----
Polearms       | 3 4 |  4.0
Short Blades   | 1 2 3 |  3.5
Stealth        | 2 4 7 |  7.2
Fighting       | |  3.0
Dodging        | |  3.0
Shields        | |  3.1

Action                   |  1- 3 |  4- 6 |  7- 9 || total
-------------------------+-------+-------+-------++-------
Melee: Trident           |    38 |       |       ||    38
       Short sword       |    13 |    78 |    15 ||   106
Evoke: Wand              |       |     3 |       ||     3
  Use: Potion            |     5 |     1 |       ||     6
       Scroll            |     5 |       |       ||     5
 Stab: Sleeping          |     8 |     7 |       ||    15
  Eat: Chunk             |       |     5 |       ||     5
